 Dungeon Crawl Stone Soup version 0.23-a0-143-g1adec7b (webtiles) character file.

60 Amnesiac the Chopper (level 3, -2/24 HPs)
             Began as a Mummy Wanderer on Sept 3, 2018.
             Was an Initiate of Ru.
             Slain by a hobgoblin
             ... wielding a +0 spear
              (4 damage)
             ... on level 2 of the Dungeon.
             The game lasted 00:02:29 (1348 turns).

Amnesiac the Chopper (Mummy Wanderer)               Turns: 1348, Time: 00:02:30

Health: -2/24      AC:  5    Str: 15    XL:     3   Next: 80%
Magic:  3/3        EV: 11    Int: 11    God:    Ru [......]
Gold:   104        SH:  0    Dex: 12    Spells: 2/2 levels left

rFire    x . .     SeeInvis .   a - +2 hand axe
rCold    + . .     Gourm    .   (no shield)
rNeg     + + +     Faith    .   f - +0 ring mail
rPois    ∞         Spirit   .   (no helmet)
rElec    .         Reflect  .   (no cloak)
rCorr    .         Harm     .   (no gloves)
MR       .....                  (no boots)
Stlth    +.........             (no amulet)
HPRegen  0.08/turn              (no ring)
MPRegen  0.08/turn              (no ring)

@: no status effects
A: no food or potions, fire vulnerability, cold resistance 1, negative energy
resistance 3, torment resistance, unbreathing
a: Renounce Religion


You were on level 2 of the Dungeon.
You worshipped Ru.
Ru was noncommittal.
You were not hungry.

You visited 1 branch of the dungeon, and saw 2 of its levels.

You collected 104 gold pieces.

Inventory:

Hand Weapons
 a - a +2 hand axe (weapon)
 b - a +0 spear
Armour
 f - a +0 ring mail (worn)
Scrolls
 c - 4 scrolls of teleportation {!r}
 d - a scroll of fear {!r, unknown}
 e - 2 scrolls of remove curse {!r}
 g - 3 scrolls of identify {!r, unknown}
 h - a scroll of enchant armour {!r, unknown}


   Skills:
   Level 1.0 Short Blades
 + Level 4.0 Axes
 - Level 1.5 Armour
 - Level 1.5 Dodging
 - Level 1.0 Stealth
   Level 1.0 Evocations


You had 2 spell levels left.
You didn't know any spells.
Your spell library was empty.

Dungeon Overview and Level Annotations

Branches:
Dungeon (2/15)

Altars:
Ru


Innate Abilities, Weirdness & Mutations

You do not eat or drink.
Your flesh is vulnerable to fire.
You are immune to poison.
Your flesh is cold resistant. (rC+)
You are immune to negative energy. (rN+++)
You are immune to unholy pain and torment.
You can survive without breathing.


Message History

No target in view!
No target in view!
No target in view!
No target in view!
No target in view!
No target in view!
No target in view!
No target in view!
Things that are here:
a club; a hobgoblin corpse
Found a club.
A goblin comes into view.
It is wielding a dagger of electrocution.
The goblin shouts!
A hobgoblin comes into view. It is wielding a spear.
Found a papyrus book.
There are monsters nearby!
There are monsters nearby!
An adder comes into view.
The adder hisses angrily.
Found a ration.
The goblin hits you but does no damage.
You are electrocuted!
Ouch! That really hurt!
* * * LOW HITPOINT WARNING * * *
The hobgoblin hits you from afar with a spear.
* * * LOW HITPOINT WARNING * * *
You are too injured to fight recklessly!
You are too injured to fight recklessly!
You are too injured to fight recklessly!
You are too injured to fight recklessly!
You are too injured to fight recklessly!
You are too injured to fight recklessly!
You are too injured to fight recklessly!
You hit the goblin.
You kill the goblin!
Your Axes skill increases to level 4!
The hobgoblin completely misses you. The adder bites you but does no damage.
The adder barely misses you.
You are too injured to fight recklessly!
You hit the adder.
The adder is moderately wounded.
The adder bites you but does no damage.
The hobgoblin hits you from afar with a spear.
* * * LOW HITPOINT WARNING * * *
The adder bites you but does no damage.
You are too injured to fight recklessly!
You don't know any spells.
You barely miss the adder.
The adder is moderately wounded.
The adder barely misses you. The hobgoblin closely misses you.
You hit the adder.
The adder is heavily wounded.
The adder bites you but does no damage.
The hobgoblin hits you but does no damage.
You closely miss the adder.
The adder is heavily wounded.
The adder barely misses you. The hobgoblin barely misses you.
The adder barely misses you.
You closely miss the adder.
The adder is heavily wounded.
The adder bites you but does no damage.
The hobgoblin hits you from afar with a spear.
You die...

####..(#####.##
#.## ##.(.#
##..# #..##
##.[###...###
##..#
#.)..#.#...##
##.# #
#........#..#
#.# ...
#........##.#
#.# ##..
#........##.#
#.##
........#####.#
#..# #####.#...
#@# ####
#.###.# #S##
... #..##g.###
# ###
#.......#...
##..........
#............
#...)........
#............
#..).........


You could see an adder and a hobgoblin.

Vanquished Creatures
  An adder (D:2)
  3 dart slugs
  3 bats
  2 giant cockroaches
  9 goblins
  3 hobgoblins
  5 jackals
  3 frilled lizards
  7 kobolds
  5 rats
41 creatures vanquished.

Notes
Turn   | Place    | Note
-------+----------+-------------------------------------------
     0 | D:1      | Amnesiac the Mummy Wanderer began the quest for the Orb.
     0 | D:1      | Amnesiac set off with: a +2 hand axe, a +0 spear, a scroll
                  | of teleportation {!r}, a +0 robe
     0 | D:1      | Reached XP level 1. HP: 13/13 MP: 1/1
   189 | D:1      | Reached XP level 2. HP: 14/19 MP: 2/2
   286 | D:1      | Reached skill level 3 in Axes
   919 | D:2      | Found a sacrificial altar of Ru.
   927 | D:2      | Became a worshipper of Ru the Awakened
  1021 | D:2      | Reached XP level 3. HP: 16/24 MP: 3/3
  1338 | D:2      | Reached skill level 4 in Axes
  1348 | D:2      | Slain by a hobgoblin

Vault maps used:
D:1:      dpeg_arrival_boxes_within_box, hangedman_decor_growths,
          minmay_octomino_e4
D:2:      nicolae_ru_awakened_eye

Skill      XL: |  1  2  3 |
---------------+----------+-----
Axes           | 3 4 |  4.0
Short Blades   | |  1.0
Armour         | |  1.5
Dodging        | |  1.5
Stealth        | |  1.0
Evocations     | |  1.0

Action                   || total
-------------------------++-------
Melee: Hand axe          ||   101
  Use: Scroll            ||     1
 Stab: Sleeping          ||     1
Armor: Ring mail         ||    48
       Robe              ||     1
Dodge: Dodged            ||    79

Table legend:
 A = Non-vault XP
 B = Vault XP
 C = Vault XP percentage of total XP
 D = Non-vault monster count
 E = Vault monster count
 F = Vault count percentage of total count
                 A         B        C        D         E       F
            +---------+---------+-------+---------+---------+-------
      Total |      85 |       1 |   1.2 |      40 |       1 |   2.4
            +---------+---------+-------+---------+---------+-------
        D:1 |      28 |       1 |   3.4 |      17 |       1 |   5.6
        D:2 |      57 |       0 |   0.0 |      23 |       0 |   0.0
            +---------+---------+-------+---------+---------+-------
